 Dungeon Crawl Stone Soup version 0.18-a0-1121-gb454403 (webtiles) character file.

45 Geeful the Magician (level 3, 0/21 HPs)
             Began as an Octopode Wizard on Jan 18, 2016.
             Succumbed to an adder's poison
             ... on level 2 of the Dungeon.
             The game lasted 00:06:44 (1699 turns).

Geeful the Magician (Octopode Wizard)               Turns: 1699, Time: 00:06:44

Health: 0/21       AC:  1    Str:  6    XL:     3   Next: 64%
Magic:  2/8        EV: 12    Int: 21    God:
Gold:   87         SH:  0    Dex: 10    Spells: 3 memorised, 4 levels left

rFire  . . .     SeeInvis .     j - +0 dagger
rCold  . . .     Gourm    .     (no shield)
rNeg   . . .     Faith    .     a - +0 hat
rPois  .         Spirit   .     (no amulet)
rElec  .         Dismiss  .     (no ring)
rCorr  .         Reflect  .     (no ring)
SustAt .         Harm     .     (no ring)
MR     .....                    (no ring)
Stlth  +++.......               (no ring)
                                (no ring)
                                (no ring)
                                (no ring)

@: lethally poisoned (0 -> -3), not resistant to hostile enchantments, fairly
stealthy
A: almost no armour, amphibious, 8 rings, constrict 8, camouflage 1, gelatinous
body 1
a: no special abilities


You were on level 2 of the Dungeon.
You were hungry.

You visited 1 branch of the dungeon, and saw 2 of its levels.

You collected 87 gold pieces.

Inventory:

Hand Weapons
 j - a +0 dagger (weapon)
Missiles
 f - 4 tomahawks (quivered)
Armour
 a - a +0 hat (worn)
Scrolls
 d - 3 scrolls of remove curse
 e - a scroll of identify
 h - a scroll of noise {unknown}
 k - a scroll of amnesia {unknown}
Potions
 g - a potion of cancellation
 l - a potion of flight
Books
 b - a book of Minor Magic

   Spells                             Type                      Level
   a - Magic Dart                     Conjuration                  1
   b - Blink                          Translocation                2
   c - Call Imp                       Summoning                    2
   d - Repel Missiles                 Charms/Air                   2
   e - Slow                           Hexes                        2
   f - Conjure Flame                  Conjuration/Fire             3
   g - Mephitic Cloud                 Conjuration/Poison/Air       3
Comestibles
 c - a bread ration
 i - a beef jerky


   Skills:
 - Level 2.0 Dodging
 - Level 2.6 Stealth
 + Level 3.8 Spellcasting
 + Level 2.2 Conjurations
 - Level 1.0 Summonings
   Level 1.0 Translocations


You had 4 spell levels left.
You knew the following spells:

 Your Spells              Type           Power        Failure   Level  Hunger
a - Magic Dart            Conj           ##..         6%          1    None
b - Call Imp              Summ           #.......     14%         2    ##.....
c - Repel Missiles        Chrm/Air       #.....       21%         2    ##.....


Dungeon Overview and Level Annotations

Branches:
Dungeon (2/15)

Altars:


Innate Abilities, Weirdness & Mutations

You cannot wear most types of armour.
You are amphibious.
You can wear up to eight rings at the same time.
You can use your tentacles to constrict eight enemies at once.
Your skin changes colour to match your surroundings (Stealth).
Your rubbery body absorbs attacks (AC +1).


Message History

Your crimson imp blinks!
You see here a whip.
Drink which item? (? for menu, Esc to quit)
It was a potion of might.
You feel very mighty all of a sudden.
* * * LOW HITPOINT WARNING * * *
You feel sick.
Your crimson imp hits the adder.
The adder dies!
Your magical effects are unravelling.
You feel magically purged.
You feel a little less mighty now.
Read which item? (? for menu, Esc to quit)
As you read the scroll labeled ODIUNO FYEWNUE, it crumbles to dust.
You feel blessed for a moment.
It was a scroll of remove curse.
* * * LOW HITPOINT WARNING * * *
You feel sick.
* * * LOW HITPOINT WARNING * * *
You feel sick.
Found a stone staircase leading down.
You die...

#'##.####.......'...........#.
####§.....†.5.÷###.#.......###.#.
...............[)..#.#.......# #.
#######.♣.♣####5##.#....####.# #.
#♣♣..♣ #.##.#.#..# .# #.
♣♣.P♣###.5#.#.#<.. # ##
♣...♣....5#.# ### ♣♣..♣####.#.#
♣P.♣...#@#.# ♣♣♣....#.#.#
#5.#####.. #.S .... .... ##..#
..#.. #.# #..#.. ># #. #.# ## #
#.


You could see 2 friendly crimson imps and a friendly white imp.

Vanquished Creatures
  2 worms (D:2)
  2 giant geckos (D:1)
  An orc (D:2)
  6 bats
  7 goblins (D:1)
  2 hobgoblins
  A giant newt (D:1)
  A kobold (D:1)
  4 rats
26 creatures vanquished.

Vanquished Creatures (collateral kills)
  An adder (D:2)
  A giant gecko (D:2)
  A goblin (D:2)
  A hobgoblin (D:2)
  A bat (D:2)
  A kobold (D:2)
  2 rats (D:2)
8 creatures vanquished.

Grand Total: 34 creatures vanquished

Notes
Turn   | Place    | Note
--------------------------------------------------------------
     0 | D:1      | Geeful the Octopode Wizard began the quest for the Orb.
     0 | D:1      | Reached XP level 1. HP: 11/11 MP: 4/4
   169 | D:1      | Reached XP level 2. HP: 7/17 MP: 0/6
  1038 | D:2      | Reached XP level 3. HP: 21/21 MP: 8/8
  1093 | D:2      | Learned a level 2 spell: Call Imp
  1096 | D:2      | Learned a level 2 spell: Repel Missiles
  1696 | D:2      | HP: 1/21 [poisoned by an adder]
  1699 | D:2      | Succumbed to an adder's poison

Vault maps used:
D:1:      dpeg_arrival_subterranean_lakeside_camping
D:2:      serial_forest, infiniplex_forest_fountain,
          infiniplex_forest_clump_tiny, infiniplex_forest_clump_cross,
          infiniplex_forest_lined_room_2, infiniplex_forest_clump_C,
          infiniplex_forest_clump_long, infiniplex_forest_end_1,
          infiniplex_forest_straight_2

Action                   || total
-------------------------++-------
Melee: Unarmed           ||     2
       Dagger            ||    45
 Cast: Magic Dart        ||    20
       Call Imp          ||    10
       Repel Missiles    ||     1
  Use: Scroll            ||     3
       Potion            ||     3
 Stab: Sleeping          ||     6
  Eat: Chunk             ||     2
